 Dungeon Crawl Stone Soup version 0.31-a0-875-g02e7d12df6 (webtiles) character file.

Game seed: 9928906848226121783

26 jasper the Ducker (level 2, -1/17 HPs)
             Began as a Deep Elf Gladiator on Oct 12, 2023.
             Succumbed to an adder's poison
             ... on level 2 of the Dungeon.
             The game lasted 00:01:30 (899 turns).

jasper the Ducker (Deep Elf Gladiator)               Turns: 899, Time: 00:01:31

Health: -1/17      AC:  6    Str: 11    XL:     2   Next: 89%
Magic:  4/4        EV: 13    Int: 12    God:
Gold:   51         SH:  0    Dex: 16    Spells: 1/1 levels left

rFire   . . .        a - +0 long sword
rCold   . . .        (no shield)
rNeg    + . .        o - +0 steam dragon scales
rPois   .            c - +0 helmet
rElec   .            (no cloak)
rCorr   .            (no gloves)
SInv    .            (no boots)
Will    .....        f - amulet of the acrobat
Stlth   +            m - ring of positive energy
HPRegen 0.22/turn    (no ring)
MPRegen 0.09/turn

%: acrobat
@: mighty, lethally poisoned (-1 -> -13), hasted, very quick
A: no striking features
a: no special abilities


You were on level 2 of the Dungeon.
You visited 1 branch of the dungeon, and saw 2 of its levels.

You collected 51 gold pieces.

Inventory:

Hand Weapons
 a - a +0 long sword (weapon)
Missiles
 d - 3 throwing nets
 e - a javelin
 g - 21 stones (quivered)
Armour
 b - a +0 leather armour
 c - a +0 helmet (worn)
 o - +0 steam dragon scales (worn)
Jewellery
 f - an amulet of the acrobat (around neck)
 m - a ring of positive energy (left hand)
Scrolls
 h - a scroll of fear {unknown}
 n - a scroll of summoning {unknown}
Potions
 i - a potion of attraction
 l - a potion of resistance {unknown}


   Skills:
 + Level 1.9 Fighting
 * Level 3.1 Long Blades
 - Level 2.0 Throwing
 + Level 0.6 Armour
 + Level 4.0 Dodging


You had one spell level left.
You didn't know any spells.
Your spell library contained the following spells:

 Spells                   Type           Power      Damage    Failure   Level
 Sandblast                Erth           0%         2d4       32%         1
 Passwall                 Tmut/Erth      0%         N/A       45%         2
 Stone Arrow              Conj/Erth      0%         3d7       69%         3
 Brom's Barrelling Bould  Conj/Erth      0%         2d3       97%         4


Dungeon Overview and Level Annotations

Branches:
Dungeon (2/15)

Altars:


Message History

The adder is severely wounded.
The adder misses you. x2
You hit the adder.
The adder is almost dead.
The adder barely misses you.
You closely miss the adder.
The adder is almost dead.
The adder bites you.
You are poisoned.
The adder poisons you! The adder bites you.
You are more poisoned.
The adder poisons you!
You take 3 damage, and have 14/17 hp.
You closely miss the adder.
The adder is almost dead.
You feel very sick. The adder bites you but does no damage.
You take 4 damage, and have 10/17 hp.
MASSIVE DAMAGE!!
You closely miss the adder.
The adder is almost dead.
You feel sick. The adder bites you but does no damage. The adder bites you.
You take 4 damage, and have 6/17 hp.
MASSIVE DAMAGE!!
You barely miss the adder.
The adder is almost dead.
* * * LOW HITPOINT WARNING * * *
You feel sick. The adder bites you.
* * * LOW HITPOINT WARNING * * *
You are more poisoned.
The adder poisons you! The adder bites you but does no damage.
You take 2 damage, and have 4/17 hp.
It was a potion of haste.
You feel yourself speed up.
* * * LOW HITPOINT WARNING * * *
You feel sick. The adder bites you.
* * * LOW HITPOINT WARNING * * *
You are more poisoned.
The adder poisons you!
You take 3 damage, and have 1/17 hp.
It was a potion of might.
You feel very mighty all of a sudden.
You die...

....... ..
.......#.### .#
...........##..
..............#..
...<....?.........
..................
.......S..........
.......@..........
...#.............. .
#.#...<........... #
#.# #..............
... ...
#.....####.#...#.#
#..##....####...###.#
#..#....#.......<..#
#...#.###........#.#
##.................#


You could see an adder.

Vanquished Creatures
  A dart slug (D:1)
  2 bats (D:1)
  2 giant cockroaches (D:1)
  2 goblins
  2 hobgoblins (D:1)
  2 kobolds (D:1)
  A quokka (D:2)
  4 ball pythons
  A frilled lizard (D:2)
  5 rats
22 creatures vanquished.

Notes
Turn   | Place    | Note
-------+----------+-------------------------------------------
     0 | D:1      | jasper the Deep Elf Gladiator began the quest for the Orb.
     0 | D:1      | Reached XP level 1. HP: 12/12 MP: 3/3
   126 | D:1      | Reached XP level 2. HP: 7/17 MP: 4/4
   171 | D:1      | Found a faded altar of an unknown god.
   889 | D:2      | Reached skill level 4 in Dodging
   899 | D:2      | Succumbed to an adder's poison

Illustrated notes

Levels and vault maps discovered:
D:1:      dpeg_arrival_boxes_within_box, layout_rooms,
          ebering_ecumenical_altar_hall
D:2:      layout_rooms, serial_co_window_serial, co_window_of_opportunity_a,
          co_window_corner_a, co_window_paths_a, co_window_of_opportunity_a,
          co_window_corner_a, co_window_corner_b, co_window_corner_b,
          co_window_broadway_a, co_window_corner_b, co_window_2corner,
          co_window_paths_c, co_window_4corner_a, glass_columns_c,
          glass_columns_a, glass_columns_b, glass_columns_a

Skill      XL: |  1  2 |
---------------+-------+-----
Long Blades    | 3 |  3.1
Dodging        | 4 |  4.0
Fighting       | |  1.9
Throwing       | |  2.0
Armour         | |  0.6

Action                     || total
---------------------------++-------
  Melee: Long sword        ||    60
         Punch             ||     1
    Use: Scroll            ||     2
         Potion            ||     2
 Armour: Leather armour    ||    30
         Steam dragon scal ||     9
  Dodge: Dodged            ||    54

Table legend: (Time is in decaauts)
 A = Elapsed time spent in this place.
 B = Non-inter-level travel time spent in this place.
 C = Inter-level travel time spent in this place.
 D = Time resting spent in this place.
 E = Time spent auto-exploring this place.
 F = Levels seen in this place.
 G = Mean time per level.
                   A        B        C        D        E       F      G
               +--------+--------+--------+--------+--------+-----+--------+
         Total |    914 |    905 |      9 |      8 |    651 |   2 |  457.0 |
       Dungeon |    914 |    905 |      9 |      8 |    651 |   2 |  457.0 |
               +--------+--------+--------+--------+--------+-----+--------+

Top non-repeatable levels by time:
     D:1: 605 daAuts
     D:2: 309 daAuts
